Cogmind - Beta 16.1 @@@ ROGUE MODE // 2026.03.01 @ 18:13:57 Player: Artackni Result: Destroyed by P-80 Master with Gamma Rifle Performance ------------- Evolutions (7) 3500 Regions Visited (20) 4000 Robots Destroyed (172) 860 Value Destroyed (4330) 4330 Prototype IDs (69) 1380 Alien Tech Used (2) 400 Bonus (1775) 1775 TOTAL SCORE: 16245 Bonus ------- High Alert Combat Kills 171 Follower Combat Kills 504 Registered with UFD 300 Met Optimus in HQ 500 Met Zhirov 300 Cogmind --------- Core Integrity 0/1300 Matter 205/300 Energy 96/100 System Corruption 18% Temperature Cool (9) Movement Core (50) Location -3/Research Parts ------- > --- POWER (2) -------- (None) > --- PROPULSION (6) --- (None) > --- UTILITY (11) ----- Experimental Optical Array Advanced Signal Interpreter Advanced Hacking Suite A0-MCA's Component Scanner > --- WEAPON (2) ------- (None) > --- INVENTORY (5) ---- Improved Transmission Jammer Linear Accelerator Improved Remote Datajack Peak State ------------ > --- POWER ------------ Light Nuclear Core Heavy Antimatter Reactor > --- PROPULSION ------- Cooled Aerolev Unit Antigrav System Antigrav System Antigrav System Linear Gravjet Cooled Gravmag System > --- UTILITY ---------- Medium Storage Unit Experimental Optical Array Experimental Sensor Array Advanced Signal Interpreter 0b10 Decoder Chip [Scout] ECM Suite Hacking Suite Advanced Hacking Suite A0-MCA's Component Scanner > --- WEAPON ----------- Improved Remote Datajack Companion Sword > --- INVENTORY -------- F-cell Engine Antigrav System Cooled Antigrav System Cooled Antigrav System Improved Medium Armor Plating Transdimensional Reconstructor Missile Launcher [Rating: 112] Favorites ----------- Power Heavy Ion Engine Engine Heavy Ion Engine Power Core Fission Core Reactor Heavy Antimatter Reactor Propulsion Cooled Aerolev Unit Leg Carbon-fiber Leg Wheel Wheel Hover Unit Cooled Aerolev Unit Flight Unit Improved VTOL Module Utility Medium Storage Unit Device Experimental Sensor Array Storage Medium Storage Unit Processor Advanced Visual Processing Unit Hackware Hacking Suite Protection Hardened Medium Armor Plating Weapon Flak Cannon Energy Gun Spread Laser Energy Cannon Advanced Beam Cannon Ballistic Gun Assault Rifle Ballistic Cannon Flak Cannon Launcher Missile Launcher Special Weapon Remote Datajack Slashing Weapon Companion Sword Special Melee Weapon Improved Datajack Build | -11 -10 -10 -9 -9 -8 -8 -8 -8 -6 -6 -6 -5 -5 -5 -5 -5 -5 -4 -4 -3 ------- Run | Yrd Mat Min Mat Min Mat Sto Rec Scr Fac Was Fac Fac Was Fac Upp Upp Zhi Pro Fac Res Slots Evolved 14 | . . . 2 . 2 . . . 4 . . 2 . . . . . . 2 2 Power 1 | . . . . . . . . . . . . . . . . . . . 1 . Propulsion 4 | . . . 2 . . . . . 1 . . 1 . . . . . . . . Utility 9 | . . . . . 2 . . . 3 . . 1 . . . . . . 1 2 Weapon . | . . . . . . . . . . . . . . . . . . . . . Parts Attached 159 | 7 4 7 20 1 27 13 1 3 17 . 6 5 . 17 2 1 3 . 7 18 Power 14 | 1 . 1 1 . 1 2 . . 2 . . 1 . 2 . . 1 . 1 1 Engine 10 | 1 . . 1 . 1 2 . . 1 . . 1 . 2 . . . . . 1 Core 3 | . . 1 . . . . . . 1 . . . . . . . . . 1 . Reactor 1 | . . . . . . . . . . . . . . . . . 1 . . . Propulsion 72 | 2 1 2 11 . 11 8 . . 7 . 1 1 . 10 . . 2 . 2 14 Treads . | . . . . . . . . . . . . . . . . . . . . . Leg 11 | . . . . . 6 4 . . 1 . . . . . . . . . . . Wheel 7 | 2 1 2 2 . . . . . . . . . . . . . . . . . Hover 26 | . . . . . 5 . . . 5 . 1 1 . 10 . . 2 . 2 . Flight 28 | . . . 9 . . 4 . . 1 . . . . . . . . . . 14 Utility 40 | 2 2 1 3 . 7 3 . 1 7 . 4 3 . 3 . 1 . . 2 1 Device 15 | 1 1 1 3 . . 1 . . 3 . 2 . . 2 . . . . . 1 Storage 5 | 1 1 . . . 2 . . . . . . . . 1 . . . . . . Processor 8 | . . . . . 3 . . 1 2 . . . . . . 1 . . 1 . Hackware 3 | . . . . . . . . . . . . 2 . . . . . . 1 . Protection 9 | . . . . . 2 2 . . 2 . 2 1 . . . . . . . . Artifact . | . . . . . . . . . . . . . . . . . . . . . Weapon 33 | 2 1 3 5 1 8 . 1 2 1 . 1 . . 2 2 . . . 2 2 Energy Gun 3 | . . 1 1 . . . . . . . . . . . . . . . 1 . Energy Cannon 2 | . . . 2 . . . . . . . . . . . . . . . . . Ballistic Gun 8 | 2 1 1 1 . 3 . . . . . . . . . . . . . . . Ballistic Cannon 7 | . . . . . 4 . . 2 . . . . . . . . . . . 1 Launcher 4 | . . . . 1 1 . . . . . . . . . 1 . . . . 1 Special Weapon 5 | . . . . . . . . . . . 1 . . 2 1 . . . 1 . Impact Weapon . | . . . . . . . . . . . . . . . . . . . . . Slashing Weapon 2 | . . . 1 . . . . . 1 . . . . . . . . . . . Piercing Weapon . | . . . . . . . . . . . . . . . . . . . . . Special Melee Weapon 2 | . . 1 . . . . 1 . . . . . . . . . . . . . Unidentified Prototypes 10 | . . . 3 . 4 1 . . . . . . . . . . 1 . 1 . Corrupted Parts 3 | . . . 1 . . . . . . . . . . . . . . . . 2 System Corruption 10 | . . . 1 . . . . . . . . . . . . . . . . 9 Parts Lost 45 | . 1 . 2 . 3 . . . 1 . 1 . . 5 . 1 . 3 6 22 Power 4 | . . . 1 . . . . . . . . . . 1 . . . . . 2 Propulsion 23 | . . . 1 . 2 . . . 1 . . . . 1 . . . 1 4 13 Utility 12 | . 1 . . . 1 . . . . . 1 . . 1 . 1 . 1 1 5 Weapon 6 | . . . . . . . . . . . . . . 2 . . . 1 1 2 Highest Loss Streak 20 | . 1 . 1 . 1 . . . 1 . 1 . . 3 . 1 . 3 4 20 To Critical Strikes . | . . . . . . . . . . . . . . . . . . . . . Average Backups 9 | 2 11 14 10 5 6 9 10 9 9 10 9 9 10 9 9 9 10 10 7 7 Power 1 | . 1 2 1 . . . . . . 1 1 1 2 1 1 1 1 1 1 1 Propulsion 3 | 1 2 2 . 1 1 4 5 5 4 5 4 4 4 2 5 5 4 4 3 3 Utility 2 | . 3 4 4 2 2 2 2 1 1 2 3 2 3 3 2 1 2 3 1 . Weapon 1 | . 2 4 3 2 3 2 2 1 1 1 1 1 1 1 . 1 1 1 1 1 Tool/Special . | . . . . . . . . . . . . . . . . . . . . . Unused Backups 28 | . . 6 10 . 2 2 1 2 . . 1 1 . 1 . . 1 . . 1 Power 5 | . . 1 2 . . . 1 . . . . 1 . . . . . . . . Propulsion 5 | . . 2 . . 2 . . . . . . . . 1 . . . . . . Utility 10 | . . 2 5 . . . . 1 . . 1 . . . . . . . . 1 Weapon 7 | . . 1 3 . . 2 . 1 . . . . . . . . . . . . Tool/Special 1 | . . . . . . . . . . . . . . . . . 1 . . . Average Slot Usage (%) 96 | . 99 100 94 100 93 100 99 100 87 93 98 98 100 98 98 100 99 99 90 64 Engine 5 | . 14 4 1 11 9 9 9 9 3 . . 4 5 5 5 5 3 . . 2 Core 1 | . . 9 9 . . . . . 2 6 6 . . . . . . . 4 . Leg 10 | . . . . . 9 35 36 36 7 . . . . . . . . . . . Wheel 4 | . 28 28 19 . . . . . . . . . . . . . . . . . Hover 15 | . . . . . 10 . . . 21 33 33 34 35 34 35 35 35 35 29 3 Flight 3 | . . . 19 44 14 . . . 3 . . . . . . . . . . 19 Device 6 | . 13 14 15 22 . . . . 4 6 6 9 11 10 10 10 4 6 5 2 Storage 7 | . 14 14 5 . 4 9 9 9 6 6 6 5 5 5 5 5 5 5 5 3 Processor 12 | . . . . . 23 9 9 10 16 20 20 17 17 17 17 17 23 23 21 18 Hackware 3 | . . . . . . . . . . . . 3 11 11 11 7 5 5 9 8 Protection 7 | . . . . . 3 17 18 16 11 13 12 7 . . . 3 5 3 1 . Ballistic Gun 4 | . 28 26 6 . 8 . . . . . . . . . . . . . . . Ballistic Cannon 5 | . . . . . 7 15 13 18 3 . . . . . . . . . . . Special Weapon 1 | . . . . . . . . . . . 4 5 5 4 3 5 5 4 3 . Slashing Weapon 2 | . . . 1 11 . 2 2 . 4 6 6 5 5 5 5 5 5 5 2 . Peak Build Rating 112 | 7 8 12 29 29 37 35 34 41 80 80 84 93 93 105 101 101 100 105 112 110 Average Rating 56 | 5 7 9 20 28 33 33 33 34 65 80 82 89 93 97 99 99 98 100 103 84 On Entrance 58 | . 7 8 12 28 29 31 34 34 41 80 80 82 93 93 96 101 98 100 86 102 Avg Prop Armor Cover (%) 4 | . . . 5 . 7 . . . 6 . . . . 5 5 4 3 3 . 6 Naked Turns . | . . . . . . . . . . . . . . . . . . . . . Heaviest Build 46 | 14 29 31 32 17 35 46 46 46 40 34 45 41 30 38 37 38 43 43 46 44 Greatest Support 83 | 20 20 20 40 20 68 68 60 60 76 65 64 57 57 83 49 49 51 79 66 57 Greatest Overweight (x) 4 | . 1 1 1 . 4 . . . 1 . . . . . . . . . . 4 Average Overweight (x) . | . . 1 . . . . . . . . . . . . . . . . . . Largest Inventory Capacity 15 | 8 15 15 15 5 15 10 10 10 10 10 10 10 10 10 10 10 10 10 10 10 Average Capacity 10 | 7 14 15 10 5 7 10 10 10 10 10 10 10 10 10 10 10 10 10 10 9 Most Carried 15 | 5 14 15 15 5 10 10 10 10 10 10 10 10 10 10 10 10 10 10 10 10 Average Carried 9 | 2 11 14 10 5 6 9 10 9 9 10 9 9 10 9 9 9 9 10 7 8 Final Capacity 15 | 8 15 15 5 5 10 10 10 10 10 10 10 10 10 10 10 10 10 10 10 5 Final Carried 15 | 5 14 15 5 5 10 10 10 10 10 10 10 10 10 9 10 10 10 10 8 3 Class Distribution -------------------- 25% | Commander-Mutant 18% | Hacker-Ninja 17% | Mutant 10% | Scout 8% | Scavenger-Mutant 6% | Sprinter 4% | Scavenger-Scout 3% | Ninja 3% | Hacker-Scout Dominant Class ---------------- Mutant | -10/Materials Scavenger-Mutant | -10/Mines Scavenger-Mutant | -9/Materials Sprinter | -9/Mines Mutant | -8/Materials Commander-Mutant | -8/Storage Commander-Mutant | -8/Recycling Commander-Mutant | -8/Scraptown Scout | -6/Factory Scout | -6/Waste Scout | -6/Factory Ninja | -5/Factory Hacker-Ninja | -5/Waste Hacker-Ninja | -5/Factory Hacker-Ninja | -5/Upper Caves Ninja | -5/Upper Caves Scavenger-Scout | -5/Zhirov Scavenger-Scout | -4/Proximity Caves Scavenger-Scout | -4/Factory Hacker-Scout | -3/Research Resources | -11 -10 -10 -9 -9 -8 -8 -8 -8 -6 -6 -6 -5 -5 -5 -5 -5 -5 -4 -4 -3 ----------- Run | Yrd Mat Min Mat Min Mat Sto Rec Scr Fac Was Fac Fac Was Fac Upp Upp Zhi Pro Fac Res Matter Collected 4959 | 276 233 184 327 112 1142 754 78 . 337 . 306 . . 676 147 113 40 54 60 120 Remotely . | . . . . . . . . . . . . . . . . . . . . . Salvage Created 5763 | 27 406 137 518 116 1223 618 41 . 598 . 408 29 . 951 98 . 349 . 45 199 Parts 352 | 6 29 17 48 13 69 41 1 . 14 . 31 . . 54 . . 4 . 4 21 Haulers Intercepted 16 | . 2 . 2 . 4 6 . . 2 . . . . . . . . . . . Recyclers Shooed 8 | 1 . . 2 1 2 . . . . . . . . 2 . . . . . . Parts Field Recycled . | . . . . . . . . . . . . . . . . . . . . . Retrieved Matter . | . . . . . . . . . . . . . . . . . . . . . Parts Self-Destructed 9 | . . . . . . . . . . . . . . . . 7 2 . . . Prevented . | . . . . . . . . . . . . . . . . . . . . . Parts Restored . | . . . . . . . . . . . . . . . . . . . . . Kills | -11 -10 -10 -9 -9 -8 -8 -8 -8 -6 -6 -6 -5 -5 -5 -5 -5 -5 -4 -4 -3 ------- Run | Yrd Mat Min Mat Min Mat Sto Rec Scr Fac Was Fac Fac Was Fac Upp Upp Zhi Pro Fac Res Combat Hostiles Destroyed 100 | . 8 5 9 8 27 13 1 . 3 . 6 . . 10 2 . . . 1 7 Melee 19 | . . . . . . . . . 2 . 6 . . 10 . . . . 1 . Guns 31 | . 8 5 8 . 10 . . . . . . . . . . . . . . . Cannons 22 | . . . 1 . 10 10 1 . . . . . . . . . . . . . AOE 28 | . . . . 8 7 3 . . 1 . . . . . 2 . . . . 7 Classes Destroyed 14 | 1 5 . 4 . 2 . . . 2 . . . . . . . . . . . Worker 18 | . 2 . 4 . 1 3 . . . . 2 . . 3 . . . . 1 2 Builder 4 | . . . 1 . 2 . . . . . . . . . . . . . . 1 Tunneler 6 | 2 . 2 . . . . . . . . . . . 2 . . . . . . Hauler 17 | . 2 . 2 . 4 6 . . 3 . . . . . . . . . . . Recycler 8 | . . . 2 1 1 2 . . . . . . . 2 . . . . . . Operator 1 | . 1 . . . . . . . . . . . . . . . . . . . Watcher 7 | . . . 2 . . . . . . . 2 1 . 2 . . . . . . Swarmer 39 | . 3 4 6 7 6 3 . . 2 . . . . . . . . . 1 7 Grunt 32 | . 5 1 1 1 9 5 . . 8 . . . . . 2 . . . . . Duelist 1 | . . . . . 1 . . . . . . . . . . . . . . . Protector 1 | . . . . . . . . . 1 . . . . . . . . . . . Sentry 19 | . . . 2 . 10 4 1 . 1 . 1 . . . . . . . . . Hunter 2 | . . . . . 1 1 . . . . . . . . . . . . . . Programmer 17 | . . . . . . . . . 2 . 5 . . 10 . . . . . . Decomposer 4 | . . . . . . . . . . . . . . . 4 . . . . . Best Kill Streak 6 | 2 4 3 6 4 6 3 1 . 2 . 1 1 . 3 2 . . . 2 6 Combat Bots Only 6 | . 3 3 4 4 6 3 1 . 1 . 1 . . 3 2 . . . 1 6 Max Kills in Single Turn 10 | 1 1 1 1 4 3 2 1 . 10 . 1 1 . 1 1 . . . 1 6 Gunslinging . | . . . . . . . . . . . . . . . . . . . . . Exploded 6 | . . . . 4 3 2 . . 1 . . . . . 1 . . . . 6 Melee 1 | . . . . . . . . . 1 . 1 . . 1 . . . . 1 . Uniques/NPCs Destroyed . | . . . . . . . . . . . . . . . . . . . . . Combat | -11 -10 -10 -9 -9 -8 -8 -8 -8 -6 -6 -6 -5 -5 -5 -5 -5 -5 -4 -4 -3 -------- Run | Yrd Mat Min Mat Min Mat Sto Rec Scr Fac Was Fac Fac Was Fac Upp Upp Zhi Pro Fac Res Hostile Shots Fired 793 | . 41 23 47 13 98 46 2 . 23 . 84 7 . 135 10 4 . 13 40 207 Missed 310 | . 12 8 20 8 46 12 2 . 13 . 28 2 . 36 3 3 . 4 19 94 Hits 483 | . 29 15 27 5 52 34 . . 10 . 56 5 . 99 7 1 . 9 21 113 Melee 1 | . . . . . . . . . . . . . . . . . . . . 1 Projectile 482 | . 29 15 27 5 52 34 . . 10 . 56 5 . 99 7 1 . 9 21 112 Critical Strikes 29 | . . . 2 . 3 1 . . . . 4 . . 12 1 . . 1 . 5 Actively Blocked 1 | . . . . . . . . . . . . . . 1 . . . . . . Damage Taken 9460 | . 322 172 306 68 776 509 . . 422 . 618 98 . 2323 133 24 . 130 820 2739 Core 2413 | . 27 33 73 43 95 37 . . 67 . 54 14 . 574 19 . . . 63 1314 Absorbed by Shields 11 | . . . . . . . . . 11 . . . . . . . . . . . Redirected to Shielding 302 | . . . . . . . . . 24 . 118 . . 160 . . . . . . Ignored by Resistances 56 | . . . . . . . . . . . 56 . . . . . . . . . Regen/Repaired (Parts) 383 | . . . . . 17 . . . . . . . . 366 . . . . . . Core Remaining (%) 76 | 100 . 76 . 71 . . . 76 . . 85 . . . . . . 39 87 . Volleys Fired 275 | 7 44 26 41 9 78 42 3 . 6 . . . . 3 7 . . 2 3 4 Largest 2 | 2 2 2 2 1 2 2 2 . 2 . . . . 1 1 . . 1 1 1 Hottest 133 | 40 40 40 133 65 74 74 74 . 74 . . . . 7 36 . . 5 88 80 Shots Fired 511 | 14 88 52 78 9 152 82 5 . 12 . . . . 3 7 . . 2 3 4 Gun 300 | 14 88 52 62 5 77 . . . . . . . . . . . . . 2 . Cannon 181 | . . . 16 . 68 79 5 . 12 . . . . . . . . . . 1 Launcher 24 | . . . . 4 7 3 . . . . . . . . 7 . . . . 3 Special 6 | . . . . . . . . . . . . . . 3 . . . 2 1 . Kinetic 421 | 14 88 52 25 . 145 79 5 . 12 . . . . . . . . . . 1 Thermal 60 | . . . 53 5 . . . . . . . . . . . . . . 2 . Explosive 23 | . . . . 4 7 3 . . . . . . . . 7 . . . . 2 Electromagnetic 1 | . . . . . . . . . . . . . . . . . . . . 1 Robot Hit Streak 21 | 6 7 8 21 7 10 8 6 . 3 . . . . 1 7 . . 9 . 10 Robot Miss Streak 10 | 2 3 4 7 3 9 7 2 . 10 . . . . . . . . . . 5 Penetration Max . | . . . . . . . . . . . . . . . . . . . . . Secondary Targets 1 | . . . 1 . . . . . . . . . . . . . . . . . Max Gunslinging Chain 1 | . . . 1 . . . . . . . . . . . . . . . . . Shots Hit Robots 506 | 9 55 28 61 4 118 70 23 . 26 . 26 3 . 56 10 . 11 3 2 1 Core Hits 363 | 4 25 10 54 13 86 81 5 . 25 . 10 . . 20 10 . 5 . 2 13 Critical Kills . | . . . . . . . . . . . . . . . . . . . . . Critical Parts Destroyed 1 | . . . . . 1 . . . . . . . . . . . . . . . Critical Strikes 1 | . . . . . 1 . . . . . . . . . . . . . . . Destroy 1 | . . . . . 1 . . . . . . . . . . . . . . . Melee Attacks 268 | . . . 6 1 9 4 19 . 28 . 53 6 . 107 10 . 14 5 6 . Impact . | . . . . . . . . . . . . . . . . . . . . . Slashing 249 | . . . 6 1 9 4 . . 28 . 53 6 . 107 10 . 14 5 6 . Piercing . | . . . . . . . . . . . . . . . . . . . . . Sneak Attacks 49 | . . . . . 3 2 19 . 1 . 5 1 . 11 4 . . 1 2 . Combat Hostiles 1 | . . . . . . . . . . . . . . 1 . . . . . . Follow-up Attacks . | . . . . . . . . . . . . . . . . . . . . . Damage Inflicted 16230 | 88 609 322 869 525 2667 1488 132 . 2458 . 1222 175 . 2717 647 . 877 89 186 1159 Guns 2473 | 88 609 322 623 73 758 . . . . . . . . . . . . . . . Cannons 2627 | . . . 246 . 833 1253 132 . 163 . . . . . . . . . . . Explosions 4332 | . . . . 452 685 94 . . 1596 . . . . . 358 . . . . 1147 Melee 6768 | . . . . . 391 138 . . 699 . 1222 175 . 2717 289 . 877 89 171 . Ramming 30 | . . . . . . 3 . . . . . . . . . . . . 15 12 Kinetic 4361 | 88 609 322 203 . 1591 1253 132 . 163 . . . . . . . . . . . Thermal 2964 | . . . 666 73 . . . . 1596 . . . . . . . . . . 629 Explosive 2004 | . . . . 452 685 94 . . . . . . . . 358 . . . . 415 Electromagnetic 103 | . . . . . . . . . . . . . . . . . . . . 103 Impact . | . . . . . . . . . . . . . . . . . . . . . Slashing 6768 | . . . . . 391 138 . . 699 . 1222 175 . 2717 289 . 877 89 171 . Piercing . | . . . . . . . . . . . . . . . . . . . . . Highest Corruption 25 | . . 1 1 1 . 2 2 . 1 8 9 . 6 25 25 25 25 25 15 18 Average Corruption 11 | . . 1 1 1 . 2 2 . 1 5 8 . 6 15 25 25 25 25 15 4 Corruption Purged . | . . . . . . . . . . . . . . . . . . . . . Corruption Blocked . | . . . . . . . . . . . . . . . . . . . . . Effects 227 | . . 1 1 . . 4 19 . . 1 45 . . 86 21 11 5 21 10 2 Message Errors 54 | . . 1 1 . . 1 3 . . 1 9 . . 14 5 3 3 8 4 1 Matter Fused 62 | . . . . . . . 3 . . . 13 . . 32 6 3 . 2 2 1 Heat Flow Errors 30 | . . . . . . . 2 . . . 11 . . 12 2 . . 2 1 . Energy Discharges 31 | . . . . . . 2 5 . . . 5 . . 8 5 3 . 2 1 . Parts Rejected 2 | . . . . . . . . . . . 1 . . 1 . . . . . . Parts Fused 2 | . . . . . . . . . . . 1 . . 1 . . . . . . Data Loss (minor) 24 | . . . . . . . 5 . . . 4 . . 7 1 1 2 3 1 . Data Loss (major) 9 | . . . . . . . . . . . 1 . . 6 1 . . 1 . . Misfires 1 | . . . . . . . 1 . . . . . . . . . . . . . Alerts 4 | . . . . . . 1 . . . . . . . 2 . . . 1 . . Misdirections 8 | . . . . . . . . . . . . . . 3 1 1 . 2 1 . Overload Shots . | . . . . . . . . . . . . . . . . . . . . . Overflow Damage 1157 | . . . 3 21 85 40 . . 217 . 125 45 . 235 167 . 2 49 . 168 Projectiles 3 | . . . 3 . . . . . . . . . . . . . . . . . Explosions 387 | . . . . 21 8 4 . . 169 . . . . . 17 . . . . 168 Melee 767 | . . . . . 77 36 . . 48 . 125 45 . 235 150 . 2 49 . . Knockbacks 55 | . . . . . 16 33 1 . 4 . . . . . . . . . . 1 Impact 1 | . . . . . . . . . . . . . . . . . . . . 1 Kinetic 47 | . . . . . 15 28 1 . 3 . . . . . . . . . . . Secondary 7 | . . . . . 1 5 . . 1 . . . . . . . . . . . Self-Inflicted Damage 501 | . . . . 26 . . . . 255 . . . . . . . . . 7 213 Shots 11 | . . . . 1 . . . . 4 . . . . . . . . . . 6 Rammed 6 | . . . . . . . . . . . . . . . . . . . 2 4 Targets Rammed 7 | . . . . . . 1 . . . . . . . . . . . . 2 4 Kicked 1 | . . . . . . 1 . . . . . . . . . . . . . . Crushed . | . . . . . . . . . . . . . . . . . . . . . Highest Temperature 276 | . 18 8 259 8 261 217 276 . 31 . 272 . . 243 148 . . 194 221 . Average Temperature 60 | . 7 3 65 8 39 55 86 . 15 . 99 . . 99 59 . . 87 85 . Received Heat Transfer 1067 | . 126 . 102 6 288 180 . . 20 . 99 9 . 9 81 . . 36 . 111 Effects 2 | . . . . . 1 . 1 . . . . . . . . . . . . . Energy Bleed 2 | . . . . . 1 . 1 . . . . . . . . . . . . . Siege Activations . | . . . . . . . . . . . . . . . . . . . . . Martial Activations . | . . . . . . . . . . . . . . . . . . . . . Shielding Activations . | . . . . . . . . . . . . . . . . . . . . . Robots Disrupted 1 | . . . . . . . . . . . . 1 . . . . . . . . Combat Hostiles . | . . . . . . . . . . . . . . . . . . . . . Robots Corrupted . | . . . . . . . . . . . . . . . . . . . . . Combat Hostiles . | . . . . . . . . . . . . . . . . . . . . . Parts Fried 1 | . . . . . . . . . . . . . . 1 . . . . . . Impact Corruptions . | . . . . . . . . . . . . . . . . . . . . . Robots Melted . | . . . . . . . . . . . . . . . . . . . . . Combat Hostiles . | . . . . . . . . . . . . . . . . . . . . . Parts Melted 4 | . . . 2 . . . . . 1 . . . . . . . . . . 1 Heat Transferred 2492 | . . . 991 90 . . . . 1111 . . . . . . . . . . 300 Parts Sabotaged . | . . . . . . . . . . . . . . . . . . . . . Parts Stolen . | . . . . . . . . . . . . . . . . . . . . . Parts Stripped . | . . . . . . . . . . . . . . . . . . . . . Power Chain Reactions 2 | . . . . . . . . . . . . . . . . . . . . 2 Alert | -11 -10 -10 -9 -9 -8 -8 -8 -8 -6 -6 -6 -5 -5 -5 -5 -5 -5 -4 -4 -3 ------- Run | Yrd Mat Min Mat Min Mat Sto Rec Scr Fac Was Fac Fac Was Fac Upp Upp Zhi Pro Fac Res Maximum Alert Level 2 | . . . 1 1 2 2 . . 1 . . . . . . . . . 2 2 Low Security (%) 78 | 100 100 100 99 36 17 . 100 . 93 100 100 100 100 100 . . . . 88 66 Level 1 9 | . . . . 63 24 44 . . 6 . . . . . . . . . . 25 Level 2 11 | . . . . . 58 55 . . . . . . . . . . . . 11 8 Level 3 . | . . . . . . . . . . . . . . . . . . . . . Level 4 . | . . . . . . . . . . . . . . . . . . . . . Level 5 . | . . . . . . . . . . . . . . . . . . . . . High Security . | . . . . . . . . . . . . . . . . . . . . . Max Security . | . . . . . . . . . . . . . . . . . . . . . Peak Influence 564 | 5 98 117 218 275 540 564 186 . 212 60 104 49 . 95 . . . . 465 489 Initial 450 | . 3 . . 84 95 212 186 . . 45 14 49 . . . . . . 450 . Average 117 | 1 27 34 80 219 378 410 44 . 126 42 21 14 . 23 . . . . 103 119 Influence Increases 5764 | 10 273 230 521 232 837 769 122 . 517 15 331 51 . 412 100 15 15 30 525 759 Destroy 0b10 Robot/C 2400 | . 160 180 200 160 540 360 60 . 220 . 120 . . 200 40 . . . 20 140 Destroy 0b10 Robot/NC 330 | 10 25 10 55 5 40 65 . . 15 . 20 5 . 45 . . 15 . 5 15 Destroy Leader 602 | . 34 30 58 30 138 126 . . 46 . 64 2 . 54 . . . . . 20 Allied During Kill 304 | . . 10 18 . . 149 46 . 81 . . . . . . . . . . . Successful Hack 113 | . 24 . 4 . 8 20 16 . . . 8 12 . 9 . . . . 10 2 Disable Machine 195 | . . . . . 15 30 . . 75 . 15 15 . 15 . . . . . 30 Destroy Structure 305 | . . . 6 37 66 19 . . 35 . 14 2 . 44 . . . . 10 72 Advance Influence 450 | . . . . . . . . . . . . . . . . . . . 450 . Partial Spotted 240 | . . . 45 . . . . . 15 15 60 . . 45 . . . . 15 45 Lose Combat Pursuer 825 | . 30 . 135 . 30 . . . 30 . 30 15 . . 60 15 . 30 15 435 Influence Decreases 5285 | 5 278 230 303 204 579 794 601 . 386 126 251 151 . 329 131 67 15 30 523 282 Entered New Map 1059 | . 2 . . 134 151 292 293 . . 86 6 51 . . 31 11 . . . 2 Time Decay 3321 | 5 266 230 243 70 398 502 288 . 242 20 235 100 . 269 100 55 15 20 183 80 Lost Part 381 | . 10 . 20 . 30 . . . 10 . 10 . . 50 . 1 . 10 40 200 Lost Ally 224 | . . . 40 . . . 20 . 134 20 . . . 10 . . . . . . Purge Threat 300 | . . . . . . . . . . . . . . . . . . . 300 . Squads Dispatched 42 | . 2 . . 1 4 . . . 4 . 12 . . 12 . . . . 4 3 Investigation 19 | . 1 . . . 1 . . . 2 . 6 . . 4 . . . . 3 2 Extermination 13 | . . . . . . . . . 1 . 4 . . 6 . . . . 1 1 Reinforcement 7 | . 1 . . 1 . . . . 1 . 2 . . 2 . . . . . . Assault . | . . . . . . . . . . . . . . . . . . . . . Garrison 3 | . . . . . 3 . . . . . . . . . . . . . . . Intercept . | . . . . . . . . . . . . . . . . . . . . . Searches Triggered . | . . . . . . . . . . . . . . . . . . . . . Construction Impeded 1 | . . . . 1 . . . . . . . . . . . . . . . . Haulers Reinforced 1 | . . . . . . . . . 1 . . . . . . . . . . . Active Scanning Responses . | . . . . . . . . . . . . . . . . . . . . . Cargo Convoy Interrupts 1 | . . . . . . . . . . . . . . 1 . . . . . . Stealth | -11 -10 -10 -9 -9 -8 -8 -8 -8 -6 -6 -6 -5 -5 -5 -5 -5 -5 -4 -4 -3 --------- Run | Yrd Mat Min Mat Min Mat Sto Rec Scr Fac Was Fac Fac Was Fac Upp Upp Zhi Pro Fac Res Distress Signals 23 | . 1 . 3 . 5 5 . . . . . . . . . . . . 4 5 Communications Jammed 2 | . . . . . . . . . . . . . . . . . . 2 . . Distress Signals . | . . . . . . . . . . . . . . . . . . . . . Times Spotted 300 | . 14 9 25 9 35 23 2 . 18 6 15 7 2 33 7 3 . 8 25 59 Peak Tracking Total 20 | . 4 3 6 4 7 3 1 . 5 6 3 4 2 5 4 3 . 6 10 20 Tactical Retreats 27 | . 2 . 4 . 1 . . . 1 . 2 1 . 3 1 1 . 1 3 7 ECM-based Alert Blocks 22 | . . . . . . . . . . . . . . 10 . . . . 6 6 Traps | -11 -10 -10 -9 -9 -8 -8 -8 -8 -6 -6 -6 -5 -5 -5 -5 -5 -5 -4 -4 -3 ------- Run | Yrd Mat Min Mat Min Mat Sto Rec Scr Fac Was Fac Fac Was Fac Upp Upp Zhi Pro Fac Res Traps Triggered 13 | . 1 2 . . 1 1 . . 1 . . 1 . 5 . . . . 1 . Indirectly . | . . . . . . . . . . . . . . . . . . . . . Trap Hack Attempts . | . . . . . . . . . . . . . . . . . . . . . Triggered . | . . . . . . . . . . . . . . . . . . . . . Disarmed . | . . . . . . . . . . . . . . . . . . . . . Reprogrammed . | . . . . . . . . . . . . . . . . . . . . . Reused . | . . . . . . . . . . . . . . . . . . . . . Traps Extracted . | . . . . . . . . . . . . . . . . . . . . . Installed . | . . . . . . . . . . . . . . . . . . . . . Triggered . | . . . . . . . . . . . . . . . . . . . . . Machines | -11 -10 -10 -9 -9 -8 -8 -8 -8 -6 -6 -6 -5 -5 -5 -5 -5 -5 -4 -4 -3 ---------- Run | Yrd Mat Min Mat Min Mat Sto Rec Scr Fac Was Fac Fac Was Fac Upp Upp Zhi Pro Fac Res Machines Disabled 15 | . . . . . 1 2 . . 5 . 1 1 . 1 2 . . . . 2 Max in Single Turn 4 | . . . . . 1 1 . . 4 . 1 1 . 1 1 . . . . 1 Garrison Access 3 | . . . . . 1 . . . . . . 1 . 1 . . . . . . Machines Repaired . | . . . . . . . . . . . . . . . . . . . . . Machines Dismantled . | . . . . . . . . . . . . . . . . . . . . . Machines Sabotaged . | . . . . . . . . . . . . . . . . . . . . . Overloaded Fab Kills . | . . . . . . . . . . . . . . . . . . . . . Hacking | -11 -10 -10 -9 -9 -8 -8 -8 -8 -6 -6 -6 -5 -5 -5 -5 -5 -5 -4 -4 -3 --------- Run | Yrd Mat Min Mat Min Mat Sto Rec Scr Fac Was Fac Fac Was Fac Upp Upp Zhi Pro Fac Res Machines Accessed 75 | . 6 2 2 . 3 8 5 2 5 . 11 7 . 8 1 . 5 . 7 3 Terminals 36 | . 6 1 2 . 1 8 5 . 2 . 3 2 . 1 . . . . 3 2 Fabricators 4 | . . . . . . . . . . . 1 1 . . . . . . 2 . Repair Stations 4 | . . . . . 1 . . . . . . 2 . 1 . . . . . . Recycling Units 14 | . . . . . . . . . 3 . 5 . . 4 . . . . 2 . Scanalyzers 1 | . . . . . . . . . . . 1 . . . . . . . . . Garrison Access 7 | . . . . . 1 . . . . . 1 2 . 2 . . . . . 1 Total Hacks 155 | . 7 4 2 . 7 12 5 6 9 . 23 11 . 29 1 . 18 . 14 7 Successful 89 | . 7 1 2 . 3 8 5 6 2 . 9 4 . 14 1 . 18 . 8 1 Failed 66 | . . 3 . . 4 4 . . 7 . 14 7 . 15 . . . . 6 6 Catastrophic 12 | . . . . . . 1 . . 2 . 3 1 . 3 . . . . 1 1 Database Lockouts . | . . . . . . . . . . . . . . . . . . . . . Manual 77 | . 7 3 2 . 3 11 5 . 8 . 15 3 . 11 . . . . 6 3 Terminals 59 | . 7 3 2 . 2 12 5 . 2 . 6 4 . 4 . . . . 7 5 Fabricators 7 | . . . . . . . . . . . 2 1 . . . . . . 4 . Repair Stations 18 | . . . . . 1 . . . . . . 3 . 14 . . . . . . Recycling Units 28 | . . . . . . . . . 7 . 11 . . 7 . . . . 3 . Scanalyzers 3 | . . . . . . . . . . . 3 . . . . . . . . . Garrison Access 14 | . . . . . 4 . . . . . 1 3 . 4 . . . . . 2 Terminal Hacks 37 | . 2 1 . . 1 3 . 6 . . 1 . . . 1 . 18 . 3 1 Record 12 | . . . . . . . . 5 . . . . . . 1 . 6 . . . Part Schematic 4 | . . . . . . . . . . . . . . . . . 4 . . . Robot Analysis 7 | . 2 . . . . 1 . . . . . . . . . . 4 . . . Prototype ID Bank 4 | . . . . . . . . . . . . . . . . . 4 . . . Open Door 4 | . . 1 . . . 2 . 1 . . . . . . . . . . . . Open DSF 1 | . . . . . . . . . . . . . . . . . . . . 1 Branch Access Points 1 | . . . . . 1 . . . . . . . . . . . . . . . Alert Level 2 | . . . . . . . . . . . 1 . . . . . . . 1 . Unreport Threat 2 | . . . . . . . . . . . . . . . . . . . 2 . Fabricator Hacks 4 | . . . . . . . . . . . . 1 . . . . . . 3 . Network Status 2 | . . . . . . . . . . . . 1 . . . . . . 1 . Load Schematic 1 | . . . . . . . . . . . . . . . . . . . 1 . Build 1 | . . . . . . . . . . . . . . . . . . . 1 . Repair Station Hacks 10 | . . . . . . . . . . . . 1 . 9 . . . . . . Scan Component 6 | . . . . . . . . . . . . 1 . 5 . . . . . . Repair 4 | . . . . . . . . . . . . . . 4 . . . . . . Recycling Unit Hacks . | . . . . . . . . . . . . . . . . . . . . . Scanalyzer 3 | . . . . . . . . . . . 3 . . . . . . . . . Insert Component 1 | . . . . . . . . . . . 1 . . . . . . . . . Analyze 2 | . . . . . . . . . . . 2 . . . . . . . . . Garrison Access Hacks 3 | . . . . . 1 . . . . . . 1 . 1 . . . . . . Seal Access 3 | . . . . . 1 . . . . . . 1 . 1 . . . . . . Unauthorized Hacks 32 | . 5 . 2 . 1 5 5 . 2 . 5 1 . 4 . . . . 2 . Terminals 18 | . 5 . 2 . . 5 5 . . . . 1 . . . . . . . . Assimilate 1 | . . . . . . . . . . . . 1 . . . . . . . . Skim 17 | . 5 . 2 . . 5 5 . . . . . . . . . . . . . Fabricators . | . . . . . . . . . . . . . . . . . . . . . Repair Stations 1 | . . . . . 1 . . . . . . . . . . . . . . . Patch 1 | . . . . . 1 . . . . . . . . . . . . . . . Recycling Units 13 | . . . . . . . . . 2 . 5 . . 4 . . . . 2 . Fedlink 13 | . . . . . . . . . 2 . 5 . . 4 . . . . 2 . Scanalyzers . | . . . . . . . . . . . . . . . . . . . . . Garrison Access . | . . . . . . . . . . . . . . . . . . . . . Data Cores Recovered 1 | . 1 . . . . . . . . . . . . . . . . . . . Used . | . . . . . . . . . . . . . . . . . . . . . Hacking Detections 35 | . 1 1 . . 1 2 . . 4 . 9 4 . 5 . . . . 6 2 Full Trace Events 5 | . . 1 . . . . . . . . 1 . . . . . . . 1 2 Feedback Events . | . . . . . . . . . . . . . . . . . . . . . Feedback Blocked . | . . . . . . . . . . . . . . . . . . . . . Robot Schematics Acquired . | . . . . . . . . . . . . . . . . . . . . . Robots Built . | . . . . . . . . . . . . . . . . . . . . . Authchips . | . . . . . . . . . . . . . . . . . . . . . Time . | . . . . . . . . . . . . . . . . . . . . . Total Robot Build Rating . | . . . . . . . . . . . . . . . . . . . . . Part Schematics Acquired 5 | . . . . . . . . . . . 1 . . . . . 4 . . . Parts Built 1 | . . . . . . . . . . . . . . . . . . . 1 . Authchips . | . . . . . . . . . . . . . . . . . . . . . Time 93 | . . . . . . . . . . . . . . . . . . . 93 . Total Part Build Rating 7 | . . . . . . . . . . . . . . . . . . . 7 . Part Studies Acquired . | . . . . . . . . . . . . . . . . . . . . . Parts Repaired 4 | . . . . . . . . . . . . . . 4 . . . . . . Time 340 | . . . . . . . . . . . . . . 340 . . . . . . Parts Recycled . | . . . . . . . . . . . . . . . . . . . . . Recycled Matter . | . . . . . . . . . . . . . . . . . . . . . Retrieved Matter . | . . . . . . . . . . . . . . . . . . . . . Retrieved Components . | . . . . . . . . . . . . . . . . . . . . . Parts Scanalyzed 1 | . . . . . . . . . . . 1 . . . . . . . . . Part Schematics Acquired 1 | . . . . . . . . . . . 1 . . . . . . . . . Parts Damaged . | . . . . . . . . . . . . . . . . . . . . . Bothacking | -11 -10 -10 -9 -9 -8 -8 -8 -8 -6 -6 -6 -5 -5 -5 -5 -5 -5 -4 -4 -3 ------------ Run | Yrd Mat Min Mat Min Mat Sto Rec Scr Fac Was Fac Fac Was Fac Upp Upp Zhi Pro Fac Res Used RIF Installer . | . . . . . . . . . . . . . . . . . . . . . Robots Hacked 2 | . . . . . . . 1 . . . . . . 1 . . . . . . Non-combat 1 | . . . . . . . 1 . . . . . . . . . . . . . Combat . | . . . . . . . . . . . . . . . . . . . . . Robot Hacks Applied 1 | . . . . . . . 1 . . . . . . . . . . . . . no_distress 1 | . . . . . . . 1 . . . . . . . . . . . . . Manual 1 | . . . . . . . . . . . . . . 1 . . . . . . Relay Couplers Released . | . . . . . . . . . . . . . . . . . . . . . Fabnet Peak Effective % . | . . . . . . . . . . . . . . . . . . . . . Robots Rewired 11 | . . . . . . . 11 . . . . . . . . . . . . . Allies Hacked . | . . . . . . . . . . . . . . . . . . . . . Hacks Repelled . | . . . . . . . . . . . . . . . . . . . . . Allies | -11 -10 -10 -9 -9 -8 -8 -8 -8 -6 -6 -6 -5 -5 -5 -5 -5 -5 -4 -4 -3 -------- Run | Yrd Mat Min Mat Min Mat Sto Rec Scr Fac Was Fac Fac Was Fac Upp Upp Zhi Pro Fac Res Total Allies 29 | . . 4 . . . 10 11 . . 1 . 1 1 1 . . . . . . Largest Group 20 | . . 3 3 . . 10 20 20 18 1 . 1 2 1 . . . . . . Highest-Rated Group 325 | . . 40 40 . . 173 325 325 315 31 . 10 40 14 . . . . . . Highest-Rated Ally 34 | . . 31 16 . . 29 34 34 34 31 . 10 31 14 . . . . . . Initial UFD Resources 89 | . . . . . . . . . 23 37 37 51 51 51 69 69 69 73 73 89 Total Orders 4 | . . . . . . . . 4 . . . . . . . . . . . . STAY 3 | . . . . . . . . 3 . . . . . . . . . . . . FOLLOW 1 | . . . . . . . . 1 . . . . . . . . . . . . Ally Attacks 159 | . . 11 19 . . 48 19 . 54 8 . . . . . . . . . . Total Damage 2630 | . . 148 211 . . 612 247 . 1287 125 . . . . . . . . . . Kills 23 | . . 4 1 . . 7 2 . 9 . . . . . . . . . . . Allies Corrupted . | . . . . . . . . . . . . . . . . . . . . . Allies Melted . | . . . . . . . . . . . . . . . . . . . . . Intel | -11 -10 -10 -9 -9 -8 -8 -8 -8 -6 -6 -6 -5 -5 -5 -5 -5 -5 -4 -4 -3 ------- Run | Yrd Mat Min Mat Min Mat Sto Rec Scr Fac Was Fac Fac Was Fac Upp Upp Zhi Pro Fac Res Active Infowar (turns) 14225 | 25 993 793 724 157 954 1354 1169 1350 666 47 1399 346 26 2171 458 221 106 389 497 380 Optics 11533 | . . . . . 954 1354 1169 1350 666 47 1399 346 26 2171 458 221 106 389 497 380 Sensors 5803 | . . . . . . . . . 335 47 1213 346 26 2013 437 221 101 389 458 217 Seismic 2746 | 25 993 793 724 157 54 . . . . . . . . . . . . . . . Decoding 1353 | . . . . . . . . . . . . . . . . 20 106 389 497 341 Cloaking 5 | . . . . . . . . . 5 . . . . . . . . . . . Jamming 745 | . . . . . . . . . . . 210 51 26 407 . . . 51 . . ECM 322 | . . . . . . . . . . . . . . 219 . . . . 101 2 Robot Analysis Total 7 | . 2 . . . . 1 . . . . . . . . . . 4 . . . Derelict Logs Recovered 5 | . . 2 . 1 . . . . . . . . . . 2 . . . . . Drone Launches . | . . . . . . . . . . . . . . . . . . . . . Drone Recoveries . | . . . . . . . . . . . . . . . . . . . . . Decoded 0b10 Intel 13 | . . . . . . . . . . . . . . . . . . . 6 7 Emergency Access 13 | . . . . . . . . . . . . . . . . . . . 6 7 Exploration | -11 -10 -10 -9 -9 -8 -8 -8 -8 -6 -6 -6 -5 -5 -5 -5 -5 -5 -4 -4 -3 ------------- Run | Yrd Mat Min Mat Min Mat Sto Rec Scr Fac Was Fac Fac Was Fac Upp Upp Zhi Pro Fac Res Turns Passed 14312 | 74 1009 793 729 157 954 1354 1169 1350 666 47 1399 346 26 2171 458 221 106 389 497 397 Spaces Moved 17239 | 52 411 713 1128 467 876 717 667 1062 1040 98 2766 633 73 3175 714 383 188 605 863 608 Core 29 | 7 . . . . 1 . . . . . . . . . . . . . . 21 Treads . | . . . . . . . . . . . . . . . . . . . . . Legs 2758 | . . . . . 188 717 667 1062 124 . . . . . . . . . . . Wheels 1519 | 45 411 713 350 . . . . . . . . . . . . . . . . . Hover 10738 | . . . . . 356 . . . 846 98 2766 633 73 3175 714 383 188 605 863 38 Flight 2195 | . . . 778 467 331 . . . 70 . . . . . . . . . . 549 Fastest Speed 15 | 50 80 95 26 26 26 120 120 120 25 15 21 36 36 16 34 34 34 17 33 25 Average Speed 53 | 75 91 95 44 26 60 126 120 120 43 30 34 36 36 34 34 34 35 34 34 30 Slowest Speed 260 | 80 95 95 95 26 260 130 120 120 120 34 40 40 36 40 34 34 36 36 45 250 Overloaded Moves 75 | . . . . . . . . . . 18 6 . . 27 . . . 24 . . Propulsion Burnouts . | . . . . . . . . . . . . . . . . . . . . . Robots Hopped 16 | . . . 8 1 . . . . . . . . . . . . . . . 7 Potential Cave-ins . | . . . . . . . . . . . . . . . . . . . . . Cave-ins Triggered 1 | . . . . . . . . . . . . . . . . . . . 1 . Teleports 1 | . . . . . . . . . . . . . . . . . . . 1 . Exploration Rate (%) 57 | 4 70 96 55 72 41 96 97 88 16 96 47 14 74 50 74 54 60 65 14 26 Regions Visited 20 Branch Regions 9 Pre-discovered Areas 11 | . 2 . . 1 . 1 2 . 1 . . . . . 1 . 3 . . . Known Exits Taken 14 | . 1 1 . 1 1 1 1 1 . . 1 . . 1 1 1 1 1 1 . Unknown Exits Taken 2 | 1 . . 1 . . . . . . . . . . . . . . . . . Scrap Searched 12 | . . 1 . 2 . . . 3 . . . . . . 2 2 . 2 . . Spaces Dug 68 | . . . 6 1 . . . . 7 . 14 1 . 22 12 . . . 5 . Terrain Destroyed 293 | . . . 6 52 63 41 . . 26 . 14 1 . 22 28 . . . 5 35 Melee 59 | . . . 6 1 . . . . 7 . 14 1 . 22 4 . . . 4 . Projectile 2 | . . . . . . . . . . . . . . . . . . . 1 1 AOE 232 | . . . . 51 63 41 . . 19 . . . . . 24 . . . . 34 Terrain Rammed . | . . . . . . . . . . . . . . . . . . . . . Walls Destroyed . | . . . . . . . . . . . . . . . . . . . . . Machines Disabled . | . . . . . . . . . . . . . . . . . . . . . Actions | -11 -10 -10 -9 -9 -8 -8 -8 -8 -6 -6 -6 -5 -5 -5 -5 -5 -5 -4 -4 -3 --------- Run | Yrd Mat Min Mat Min Mat Sto Rec Scr Fac Was Fac Fac Was Fac Upp Upp Zhi Pro Fac Res Total 21507 | 70 963 788 1255 487 1159 1074 1031 1141 1197 114 3122 739 72 4077 902 473 212 774 1046 811 Wait 3254 | . 496 21 34 7 131 265 338 66 78 17 269 79 . 732 166 88 . 161 154 152 Move 17189 | 51 410 712 1111 464 875 716 666 1061 1040 97 2765 633 72 3174 713 382 187 604 862 594 Hop 16 | . . . 8 1 . . . . . . . . . . . . . . . 7 Pick Up 98 | 5 8 8 8 . 9 8 . 4 9 . 7 5 . 8 1 . 2 . 4 12 Fast Attach 62 | 7 . 1 12 . 17 1 1 1 4 . 2 1 . 5 1 1 2 . 3 3 Attach 42 | . 1 . 1 . 1 . . . 3 . 2 3 . 6 . 1 . . 7 17 Detach 17 | . . . . . 4 . 1 . 2 . . 1 . . . 1 . . 1 7 Swap 155 | . 3 7 14 5 18 22 2 2 17 . 18 5 . 26 4 . 4 2 4 2 Drop 127 | . 1 13 20 . 17 15 1 7 10 . 6 6 . 16 . . 6 . . 9 Fire 275 | 7 44 26 41 9 78 42 3 . 6 . . . . 3 7 . . 2 3 4 Melee 265 | . . . 6 1 9 4 19 . 28 . 53 6 . 107 10 . 11 5 6 . Ram 6 | . . . . . . . . . . . . . . . . . . . 2 4 Kick 1 | . . . . . . 1 . . . . . . . . . . . . . . Crush . | . . . . . . . . . . . . . . . . . . . . . Escape Stasis . | . . . . . . . . . . . . . . . . . . . . . Rewire . | . . . . . . . . . . . . . . . . . . . . . Trap . | . . . . . . . . . . . . . . . . . . . . . Miscellaneous . | . . . . . . . . . . . . . . . . . . . . . Route ------- -11/Scrapyard -10/Materials (discovered 5 exits: *Mat x3 / *Min / [*Sub]) -10/Mines (discovered 2 exits: *Mat x2) -9/Materials (discovered 4 exits: *Mat x3 / [*Min]) -9/Mines (discovered 2 exits: *Mat / Exi) -8/Materials -8/Storage (discovered 2 exits: [*Fac] / *Rec) -8/Recycling (discovered 2 exits: *Fac / *Scr) -8/Scraptown (discovered 2 exits: *Fac x2) -6/Factory (discovered 3 exits: Fac x2 / Low) -6/Waste -6/Factory (discovered 2 exits: *Fac / *Low) -5/Factory -5/Waste -5/Factory (discovered 2 exits: *Upp / [*Ext]) -5/Upper Caves -5/Upper Caves -5/Zhirov -4/Proximity Caves -4/Factory -3/Research History --------- Turn | Location | Event 5 | -11/Scrapyard | Discovered new exit (range 15) 75 | -11/Scrapyard | Entered Materials 134 | -10/Materials | Discovered new exit (range 14) 303 | -10/Materials | Build established: Mutant 611 | -10/Materials | Discovered new exit (range 16) 649 | -10/Materials | Discovered new exit (range 10) 672 | -10/Materials | Learned Storage emergency access door positions 734 | -10/Materials | Identified exit to Mines 788 | -10/Materials | Learned location of Mines (-9) 833 | -10/Materials | Identified exit to Materials 888 | -10/Materials | Learned location of 2 exits from Subcaves 898 | -10/Materials | Learned Storage emergency access door positions 917 | -10/Materials | Learned location of 2 exits from Materials 948 | -10/Materials | Learned 2 Mines zone layouts 1084 | -10/Materials | Entered Mines 1087 | -10/Mines | Received a Mining Laser from a helpful Derelict 1092 | -10/Mines | Received a Rocket Launcher from a helpful Derelict 1164 | -10/Mines | Learned 2 Materials zone layouts 1237 | -10/Mines | Learned 4 Materials zone layouts 1347 | -10/Mines | Discovered exit to Materials (range 5) 1401 | -10/Mines | Discovered exit to Materials (range 11) 1427 | -10/Mines | Build established: Scavenger-Mutant 1693 | -10/Mines | Met a Derelict who couldn't figure out how to use a Trap Extractor 1741 | -10/Mines | Assisted by bots powering up and referring to "LRC-V3" 1877 | -10/Mines | Entered Materials 1877 | -9/Materials | Accompanied by 3 allies 1877 | -9/Materials | Evolved 2 slots: Propulsion x2 1878 | -9/Materials | Identified exit to Materials 2139 | -9/Materials | Discovered new exit (range 15) 2310 | -9/Materials | Discovered exit to Materials (range 11) 2578 | -9/Materials | Build established: Sprinter 2606 | -9/Materials | Entered Mines 2616 | -9/Mines | Identified exit to Exiles 2618 | -9/Mines | Found a hidden stash of uninstalled traps 2746 | -9/Mines | Learned location of Storage (-8) 2762 | -9/Mines | Discovered exit to Materials (range 8) 2763 | -9/Mines | Entered Materials 2763 | -8/Materials | Evolved 2 slots: Utility x2 2853 | -8/Materials | Garrison activated, responded to threat 3126 | -8/Materials | Identified exit to Storage 3430 | -8/Materials | Build established: Mutant 3717 | -8/Materials | Entered Storage 4231 | -8/Storage | Assisted by bots powering up and referring to "LRC-V3" 4545 | -8/Storage | Build established: Commander-Mutant 4552 | -8/Storage | Discovered new exit (range 16) 4690 | -8/Storage | Learned location of 2 exits from Lower Caves 4755 | -8/Storage | Identified exit to Recycling 4850 | -8/Storage | Learned location of 2 exits from Lower Caves 4879 | -8/Storage | Used back door to open Recycling access 4906 | -8/Storage | Learned 2 Lower Caves zone layouts 4989 | -8/Storage | Learned location of 1 exit from Storage 5044 | -8/Storage | Learned location of 1 exit from Recycling 5071 | -8/Storage | Entered Recycling 5071 | -8/Recycling | Accompanied by 10 allies 5072 | -8/Recycling | Identified exit to Factory 5073 | -8/Recycling | Identified exit to Scraptown 5644 | -8/Recycling | Learned Storage emergency access door positions 5713 | -8/Recycling | Learned Factory scanalyzer intel 5820 | -8/Recycling | Learned location of 1 exit from Lower Caves 5859 | -8/Recycling | Learned Storage stockpile data 5889 | -8/Recycling | Learned Factory trap positions 5911 | -8/Recycling | Learned Factory trap positions 5945 | -8/Recycling | Learned 2 Lower Caves zone layouts 5990 | -8/Recycling | Learned location of Extension (-5) 6108 | -8/Recycling | Learned location of 2 exits from Factory 6144 | -8/Recycling | Scanned before Scraplab entrance 6161 | -8/Recycling | Entered Scraplab 6240 | -8/Recycling | Entered Scraptown 6240 | -8/Scraptown | Accompanied by 20 allies 6240 | -8/Scraptown | System corruption cleaned by C-Scrubber 6379 | -8/Scraptown | Heard Great Nut preacher, LISTEN AND RECITE! 6402 | -8/Scraptown | Visited Red Mages 6433 | -8/Scraptown | Visited Symbiants 6679 | -8/Scraptown | Discovered exit to Factory (range 11) 6746 | -8/Scraptown | Visited SPCMW 6765 | -8/Scraptown | Visited The Evicted 6827 | -8/Scraptown | Visited Comm Corps 6866 | -8/Scraptown | Visited Fellowship of the Rings 6885 | -8/Scraptown | Visited UFD Registry 6885 | -8/Scraptown | Registered with UFD as "Protonunit" 6931 | -8/Scraptown | Visited LU-1G1's Boring Crew 7138 | -8/Scraptown | Visited Scrapoid Pod Storage 7158 | -8/Scraptown | Visited Derelict Rescue Squad 7184 | -8/Scraptown | Visited DA-N13 Charitable Foundation 7242 | -8/Scraptown | Visited Abandonware Association 7250 | -8/Scraptown | Learned abandonware demo "OVRCLOCK.EXE" 7256 | -8/Scraptown | Learned abandonware demo "REPAIR.EXE" 7256 | -8/Scraptown | Learned abandonware demo "TRNCOAT.EXE" 7284 | -8/Scraptown | Visited Research Penetration Think Tank 7333 | -8/Scraptown | Visited Infowarlord's Domain 7343 | -8/Scraptown | Found Exp. Sensor Array 7367 | -8/Scraptown | Visited Supply Room 7401 | -8/Scraptown | Visited A0-MCA Data Center 7408 | -8/Scraptown | Given an A- rating by A0-MCA 7412 | -8/Scraptown | Found A0-MCA's Component Scanner 7431 | -8/Scraptown | Visited Sword Containment 7446 | -8/Scraptown | Found Companion Sword 7524 | -8/Scraptown | Met Optimus 7524 | -8/Scraptown | Accepted into 0bPrime 7590 | -8/Scraptown | Entered Factory 7590 | -6/Factory | Accompanied by 20 allies 7590 | -6/Factory | Evolved 4 slots: Propulsion x1, Utility x3 7591 | -6/Factory | Identified exit to Lower Caves 7592 | -6/Factory | Identified exit to Factory 7593 | -6/Factory | Loaded intel: 86 trap records 7594 | -6/Factory | Loaded intel: 4 scanalyzer locations 7776 | -6/Factory | Lost 13 allies 8202 | -6/Factory | Loaded intel: 8 recycling unit locations 8223 | -6/Factory | Build established: Scout 8241 | -6/Factory | Learned location of Protoforge (-2) 8256 | -6/Factory | Sucked down chute 8256 | -6/Factory | Entered Waste 8257 | -6/Waste | Met a frightened Derelict 8257 | -6/Waste | Spotted C-40 Crusher 8258 | -6/Waste | Spotted C-40 Crusher 8271 | -6/Waste | EMP discharged 8288 | -6/Waste | Spotted C-40 Crusher 8289 | -6/Waste | Spotted C-40 Crusher 8293 | -6/Waste | Spotted C-40 Crusher 8299 | -6/Waste | Spotted C-40 Crusher 8300 | -6/Waste | Discovered new exit (range 10) 8303 | -6/Waste | Identified exit to Factory 8303 | -6/Waste | Entered Factory 8304 | -6/Factory | Loaded intel: 111 trap records 8478 | -6/Factory | Discovered exit to Lower Caves (range 20) 8664 | -6/Factory | Loaded intel: 8 recycling unit locations 9387 | -6/Factory | Discovered exit to Factory (range 10) 9702 | -6/Factory | Entered another Factory area 9702 | -5/Factory | Evolved 2 slots: Propulsion x1, Utility x1 9865 | -5/Factory | Build established: Ninja 10031 | -5/Factory | Discovered new exit (range 7) 10048 | -5/Factory | Sucked down chute 10048 | -5/Factory | Entered Waste 10049 | -5/Waste | Met a frightened Derelict 10053 | -5/Waste | 1 allies followed down the chute 10058 | -5/Waste | Spotted C-40 Crusher 10063 | -5/Waste | EMP discharged 10067 | -5/Waste | Spotted C-40 Crusher 10068 | -5/Waste | Discovered new exit (range 20) 10070 | -5/Waste | Spotted C-40 Crusher 10070 | -5/Waste | Spotted C-40 Crusher 10074 | -5/Waste | Identified exit to Factory 10074 | -5/Waste | Entered Factory 10192 | -5/Factory | Loaded intel: 8 recycling unit locations 10262 | -5/Factory | Build established: Hacker-Ninja 10436 | -5/Factory | Repaired Exp. Propulsion Shielding 10517 | -5/Factory | Repaired Cld. Aerolev Unit 10615 | -5/Factory | System corruption reached 10% 10618 | -5/Factory | Repaired Broken Cld. Aerolev Unit? 10730 | -5/Factory | Repaired Cld. Aerolev Unit 11054 | -5/Factory | Discovered new exit (range 15) 11110 | -5/Factory | Cargo convoy interrupted 12108 | -5/Factory | Core integrity fell below 50% 12151 | -5/Factory | Lost 3 parts (1p1u1w) 12236 | -5/Factory | Discovered new exit (range 20) 12245 | -5/Factory | Identified exit to Upper Caves 12245 | -5/Factory | Entered Upper Caves 12321 | -5/Upper Caves | Identified exit to Upper Caves 12331 | -5/Upper Caves | Found Alien Artifact 12700 | -5/Upper Caves | Acquired the password to a Derelict Tinkerer's latest research 12703 | -5/Upper Caves | Entered another Upper Caves area 12709 | -5/Upper Caves | Encountered a Warlord checkpoint 12869 | -5/Upper Caves | Lost 4 allies 12907 | -5/Upper Caves | Entered a destroyed Warlord outpost 12921 | -5/Upper Caves | Discovered new exit (range 12) 12924 | -5/Upper Caves | Identified exit to Zhirov 12924 | -5/Upper Caves | Entered Zhirov 12924 | -5/Zhirov | Discovered new exit (range 3) 12931 | -5/Zhirov | Met Zhirov 12940 | -5/Zhirov | Found Alien Artifact 12947 | -5/Zhirov | Found Alien Artifact 12947 | -5/Zhirov | Identified Integrated Dissipator 12947 | -5/Zhirov | Installed Integrated Dissipator, increased core heat dissipation (+20) 13017 | -5/Zhirov | Learned location of Quarantine (-2) 13017 | -5/Zhirov | Learned location of Testing (-3) 13017 | -5/Zhirov | Learned location of Command (-1) 13020 | -5/Zhirov | Zhirov requested help retrieving the SGEMP Prototype 13030 | -5/Zhirov | Identified exit to Proximity Caves 13030 | -5/Zhirov | Entered Proximity Caves 13272 | -4/Proximity Caves | Build established: Scavenger-Scout 13291 | -4/Proximity Caves | Spotter reported a threat 13296 | -4/Proximity Caves | Spotter reported a threat 13344 | -4/Proximity Caves | Spotter reported a threat 13357 | -4/Proximity Caves | Spotted B-86 Titan 13418 | -4/Proximity Caves | Discovered new exit (range 5) 13419 | -4/Proximity Caves | Identified exit to Factory 13419 | -4/Proximity Caves | Entered Factory 13419 | -4/Factory | Evolved 2 slots: Power x1, Utility x1 13447 | -4/Factory | Lost 3 parts (1n1u1w) 13457 | -4/Factory | Discovered new exit (range 19) 13472 | -4/Factory | Identified exit to Research 13499 | -4/Factory | Loaded intel: 8 recycling unit locations 13606 | -4/Factory | Fabricated Exp. Optical Array? 13671 | -4/Factory | Crushed by falling debris 13671 | -4/Factory | System corruption reached 10% 13702 | -4/Factory | Lost 4 parts (2n1u1w) 13839 | -4/Factory | Identified Transdimensional Reconstructor 13839 | -4/Factory | Warped through subspace 13916 | -4/Factory | Entered Research 13916 | -3/Research | Evolved 2 slots: Utility x2 14270 | -3/Research | Found Gamma Bomb Array 14286 | -3/Research | Core integrity fell below 50% 14293 | -3/Research | Core integrity fell below 20% 14297 | -3/Research | System corruption reached 10% 14313 | -3/Research | Destroyed by P-80 Master with Gamma Rifle Last Messages --------------- 14280_ Destroyed Gamma Bomb Array. 14281_ P-80 Master resets S-43 Plague, system corruption cleaned. 14283_ Dropped Lgt. Nuclear Core. 14283_ Dropped Med. Storage Unit. 14284_ P-80 Master resets P-80 Master, system corruption cleaned. 14285_ Acquired 10 matter. 14286_ Acquired Corrupted Xenon Bombardment Thruster. 14289_ Slammed into Y-72 Warden. 14290_ Slammed into P-80 Master. 14290_ P-80 Master knocked back. 14291_ Slammed into P-80 Master. 14295_ Adv. ECM Suite destroyed. 14296_ Integrated Corrupted Xenon Bombardment Thruster (+4). 14296_ Complication: System interference. 14296_ Exp. Optical Array temporarily disabled. 14296_ A0-MCA's Component Scanner temporarily disabled. 14297_ Integrated Corrupted Xenon Bombardment Thruster (+5). 14297_ Complication: Xenon Bombardment Thruster rejected. 14300_ V3APWXK1CXB=SBGELBTBL,R1JVQPCL6: 14310_ Xenon Bombardment Thruster destroyed. Map ----- +----------------------------------------------------+ | ?????????????????????????????????????????????????? | | ?????????????????????????????????????????????????? | | ?????????????????????????????????????????????????? | | ?????????????????????????????????????????????????? | | ?????????????????????????????????????????????????? | | ?????????????????????????????????????????????????? | | ?????????????????????????????????????????????????? | | ?????????????????????????????????????????????????? | | ?????????????????????????????????????????????????? | | ???????????????? ???????????????????????? | | ????????????? #??????????????????????? | | ?????????? #??????????????????????? | | ???????? #??????????????????????? | | ??????# #??????????????????????? | | ??????# #??????????????????????? | | ??????# #??????????????????????? | | ??????# #??????????????????????? | | ??????# #??????????????????????? | | ??????# #??????????????????????? | | ??????# +??????????????????????? | | ??????# #??????????????????????? | | ??????# #??????????????????????? | | ??????# #??????????????????????? | | ??????# #??????????????????????? | | ??????# #??????????????????????? | | ??????? g @#??????????????????????? | | ?????????# g u #??????????????????????? | | ?????????# g #??????????????????????? | | ?????????# g #??????????????????????? | | ?????????# #??????????????????????? | | ?????????# #??????????????????????? | | ?????????# pp #??????????????????????? | | ?????????# ###/######## #??????????????????????? | | ??????????# ## #????# #??????????????????????? | | ??????????# ## #????# #??????????????????????? | | ??????????# / #????# #??????????????????????? | | ??????????# ### ######R#??????????????????????? | | ??????????# #?# # #??????????????????????? | | ??????????# #?# # #??????????????????????? | | ??????????# #?# / #??????????????????????? | | ??????????# #?# # #??????????????????????? | | ??????????# #?# # #?##############???????? | | ??????????#/######## #?# ####????? | | ??????????# #######/#### # ????? | | ??????????# ## ## " # ????? | | ???######## ## ## """"# ???? | | ???# # ## + """"# """? | | ???# # ## ## """"# """# | | ???#"" # = ## ## """"# """# | | ???#"" ###/##### ## # """# | +----------------------------------------------------+ Best States ------------- Heat Dissipation 66 Energy Generation 34 Energy Capacity 500 Matter Stores 300 Matter Capacity 300 Sight Range 23 Robot Scan Range 20 Terrain Scan Density 10 ECM Strength 1 Jamming Range 14 Cloak Strength 2 Additional Mass Support 9 Armor Coverage 600 Resistance: EM 25 Propulsion Shielding 90 Evasion (%) 65 Melee Accuracy 10 Offensive Hacking 24 Defensive Hacking 14 Item Schematics ----------------- Exp. Sensor Array | -6/Factory | Scanalyzed Assault Drone Bay | -5/Zhirov | Free Exp. Heat Sink | -5/Zhirov | Free Exp. Optical Array | -5/Zhirov | Free Imp. Arc Thrower | -5/Zhirov | Free Robot Schematics ------------------ None Fabricated ------------ Exp. Optical Array | x1 | -4/Factory Repaired ---------- Exp. Propulsion Shielding | 5% | -5/Factory Cld. Aerolev Unit | 44% | -5/Factory Cld. Aerolev Unit | 69% | -5/Factory | Broken Cld. Aerolev Unit | 37% | -5/Factory Studied --------- None Alien Tech Used ----------------- Integrated Dissipator Transdimensional Reconstructor Achievements -------------- None Challenges ------------ None Game ------ Seed BoreAngularComputer Manual? 0 Play Time 03:29:07 Cumulative 177.8 hours Start 2026.03.01 @ 13:21:54 End 2026.03.01 @ 18:13:57 Sessions 1 Manual Loads 0 Difficulty Rogue Special Mode None Game No. 90 Rogue 90 Adventurer 0 Explorer 0 Win Type - Total 7 Types 6/0/1/0/0/0/0/0/0/0 Lore% 69 Gallery% 66 Achievement% 63 Wizard Run 0 Options --------- Layout 0 ASCII 0 Keyboard 1 Movement Arrows Keybinds 0 Fullscreen 1 Font 18/SmallcapsGlow Map View 76x50 Zoom Use 0% Tactical HUD 1 Map Filters NONE Filters NONE Steam 1 RUN: 46e7360e-b6b3-47d7-b57e-d1fa7dfcfe47